General information
- name: BNet
- type: Ladder team game (AT/RT)
- host: Battle.net
- saver: JOHN-SNOW.
map: TwilightRuins
- players: 8
- length: 45:01
- speed: Fast
- version: 1.28 W3XP
- replay type: Public
» download(289 KB)
Players
team 1 (loser)

»
BLINKANDURDEAD (
red | 82 APM | 3292 actions | 40:05)
5 Priestess of the Moon
3 Trueshot Aura
2 Scout
4 Keeper of the Grove
2 Entangling Roots
2 Thorns Aura
» actions
| Assign group hotkey | 44 | |
| Basic commands | 83 | |
| Build / train | 92 | |
| ESC pressed | 7 | |
| Enter build submenu | 26 | |
| Enter hero's abilities submenu | 9 | |
| Remove unit from queue | 1 | |
| Right click | 1780 | |
| Select / deselect | 420 | |
| Select group hotkey | 676 | |
| Use ability | 154 | |
3292 total
» units
| Wisp | 33 | |
| Huntress | 4 | |
| Archer | 3 | |
| Druid of the Claw | 6 | |
| Dryad | 6 | |
52 total
» upgrades
| Improved Bows | 1 | |
| Strength of the Wild | 3 | |
| Druid of the Claw Training | 2 | |
| Reinforced Hides | 2 | |
| Mark of the Claw | 1 | |
| Marksmanship | 1 | |
| Upgrade Moon Glaive | 1 | |
11 total
» buildings
| Moon Well | 10 | |
| Altar of Elders | 1 | |
| Hunter's Hall | 1 | |
| Ancient of War | 2 | |
| Ancient of Wonders | 1 | |
| Ancient Protector | 5 | |
| Tree of Ages | 4 | |
| Tree of Life | 1 | |
| Tree of Eternity | 3 | |
| Ancient of Lore | 4 | |
32 total
» build order
00:12 Moon Well
00:20 Altar of Elders
01:45 Moon Well
01:57 Hunter's Hall
02:14 Ancient of War
02:18 Ancient of War
02:47 Ancient of Wonders
04:52 Moon Well
05:34 Ancient Protector
06:00 Tree of Ages
06:00 Tree of Ages
06:00 Tree of Ages
06:35 Tree of Life
08:17 Moon Well
08:19 Moon Well
10:06 Ancient Protector
10:09 Ancient Protector
10:12 Tree of Eternity
10:12 Tree of Eternity
10:31 Ancient Protector
11:32 Ancient of Lore
11:34 Ancient of Lore
12:36 Ancient of Lore
12:49 Ancient Protector
13:18 Ancient of Lore
13:21 Moon Well
14:44 Moon Well
14:54 Moon Well
17:18 Moon Well
19:38 Moon Well
» items
| Scroll of Town Portal | 3 | |
| Boots of Speed | 1 | |
| Scroll of Protection | 1 | |
| Potion of Lesser Invulnerability | 1 | |
| Scroll of Healing | 1 | |
7 total
.|-_-|. (
green | 70 APM | 3131 actions | 44:59)
8 Mountain King
3 Storm Bolt
3 Bash
1 Avatar
1 Thunder Clap
» actions
| Assign group hotkey | 119 | |
| Basic commands | 246 | |
| Build / train | 121 | |
| Enter build submenu | 59 | |
| Enter hero's abilities submenu | 8 | |
| Give item / drop item | 9 | |
| Remove unit from queue | 3 | |
| Right click | 1187 | |
| Select / deselect | 576 | |
| Select group hotkey | 603 | |
| Use ability | 200 | |
3131 total
» units
| Peasant | 17 | |
| Footman | 7 | |
| Goblin Shredder | 1 | |
| Goblin Zeppelin | 1 | |
| Gryphon Rider | 8 | |
| Goblin Sapper | 7 | |
| Dragonhawk Rider | 8 | |
49 total
» upgrades
| Masonry | 3 | |
| Swords | 3 | |
| Armor | 3 | |
| Animal War Training | 1 | |
| Storm Hammers | 1 | |
| Cloud | 1 | |
12 total
» buildings
| Altar of Kings | 1 | |
| Barracks | 1 | |
| Farm | 11 | |
| Scout Tower | 47 | |
| Arcane Vault | 4 | |
| Keep | 1 | |
| Arcane Tower | 1 | |
| Lumber Mill | 1 | |
| Town Hall | 3 | |
| Castle | 1 | |
| Guard Tower | 13 | |
| Gryphon Aviary | 4 | |
| Blacksmith | 2 | |
| Arcane Sanctum | 1 | |
91 total
» build order
00:39 Altar of Kings
00:50 Barracks
00:52 Farm
00:53 Farm
01:05 Farm
01:07 Farm
02:09 Scout Tower
02:20 Arcane Vault
03:29 Keep
03:32 Arcane Tower
04:20 Lumber Mill
04:52 Town Hall
05:50 Castle
06:07 Scout Tower
06:08 Scout Tower
06:10 Scout Tower
06:12 Scout Tower
06:47 Guard Tower
06:48 Guard Tower
06:49 Guard Tower
07:35 Gryphon Aviary
07:36 Gryphon Aviary
07:38 Gryphon Aviary
07:40 Gryphon Aviary
08:11 Blacksmith
08:14 Blacksmith
08:22 Farm
10:11 Arcane Vault
15:39 Farm
15:39 Farm
15:40 Farm
15:40 Farm
15:41 Farm
15:42 Farm
16:18 Scout Tower
16:20 Scout Tower
16:22 Scout Tower
16:24 Scout Tower
16:25 Scout Tower
19:09 Guard Tower
22:19 Town Hall
22:24 Scout Tower
22:24 Scout Tower
22:26 Scout Tower
22:28 Scout Tower
22:31 Scout Tower
22:32 Scout Tower
22:35 Arcane Vault
22:37 Scout Tower
22:37 Scout Tower
23:09 Guard Tower
23:24 Scout Tower
23:25 Scout Tower
23:26 Scout Tower
23:32 Scout Tower
23:33 Scout Tower
23:33 Scout Tower
23:34 Scout Tower
23:35 Scout Tower
23:38 Scout Tower
23:39 Scout Tower
23:40 Scout Tower
23:41 Scout Tower
23:42 Scout Tower
23:43 Scout Tower
23:43 Scout Tower
23:44 Scout Tower
23:44 Scout Tower
23:45 Scout Tower
23:45 Scout Tower
23:46 Scout Tower
23:46 Scout Tower
23:50 Guard Tower
23:53 Guard Tower
24:29 Guard Tower
24:57 Guard Tower
25:00 Guard Tower
26:18 Guard Tower
28:24 Town Hall
28:26 Scout Tower
28:27 Scout Tower
28:27 Scout Tower
28:27 Scout Tower
28:28 Scout Tower
28:28 Scout Tower
28:28 Scout Tower
28:30 Scout Tower
28:33 Arcane Vault
29:21 Guard Tower
29:48 Guard Tower
30:02 Arcane Sanctum
» items
| Scroll of Regeneration | 5 | |
| Mechanical Critter | 5 | |
| Periapt of Vitality | 1 | |
| Staff of Teleportation | 2 | |
| Scroll of Town Portal | 5 | |
| Staff of Sanctuary | 1 | |
| Lesser Clarity Potion | 2 | |
| Potion of Healing | 2 | |
| Potion of Mana | 2 | |
| Scroll of Protection | 1 | |
| Potion of Invisibility | 3 | |
| Potion of Lesser Invulnerability | 2 | |
| Pendant of Energy | 1 | |
32 total

»
faast (
yellow | 27 APM | 1215 actions | 44:59)
6 Demon Hunter
1 Immolation
3 Evasion
1 Mana Burn
1 Metamorphosis
4 Priestess of the Moon
2 Scout
2 Trueshot Aura
» actions
| Basic commands | 19 | |
| Build / train | 90 | |
| Enter build submenu | 26 | |
| Enter hero's abilities submenu | 10 | |
| Give item / drop item | 2 | |
| Remove unit from queue | 1 | |
| Right click | 462 | |
| Select / deselect | 523 | |
| Use ability | 82 | |
1215 total
» units
| Wisp | 25 | |
| Archer | 4 | |
| Goblin Shredder | 1 | |
| Huntress | 2 | |
| Hippogryph | 14 | |
| Chimaera | 7 | |
53 total
» upgrades
| Strength of the Moon | 3 | |
| Moon Armor | 3 | |
| Strength of the Wild | 3 | |
| Reinforced Hides | 3 | |
| Corrosive Breath | 1 | |
| Nature's Blessing | 1 | |
14 total
» buildings
| Altar of Elders | 1 | |
| Moon Well | 9 | |
| Ancient of War | 1 | |
| Hunter's Hall | 1 | |
| Tree of Ages | 2 | |
| Ancient of Wonders | 1 | |
| Tree of Eternity | 1 | |
| Ancient of Wind | 1 | |
| Tree of Life | 6 | |
| Chimaera Roost | 2 | |
| Ancient Protector | 1 | |
26 total
» build order
00:13 Altar of Elders
00:15 Moon Well
00:39 Ancient of War
02:00 Moon Well
02:39 Hunter's Hall
02:49 Moon Well
04:01 Tree of Ages
04:01 Tree of Ages
05:48 Moon Well
05:52 Ancient of Wonders
06:37 Moon Well
07:22 Tree of Eternity
08:04 Ancient of Wind
08:30 Tree of Life
10:34 Chimaera Roost
10:57 Moon Well
11:22 Moon Well
12:03 Chimaera Roost
13:32 Moon Well
14:32 Ancient Protector
19:20 Moon Well
20:36 Tree of Life
23:49 Tree of Life
24:19 Tree of Life
27:39 Tree of Life
29:37 Tree of Life
» items
| Scroll of Town Portal | 5 | |
| Potion of Lesser Invulnerability | 1 | |
| Scroll of Healing | 1 | |
| Dust of Appearance | 1 | |
8 total

»
Iosking (
blue | 33 APM | 1339 actions | 40:35)
6 Demon Hunter
1 Immolation
1 Evasion
3 Mana Burn
1 Metamorphosis
» actions
| Basic commands | 37 | |
| Build / train | 73 | |
| ESC pressed | 2 | |
| Enter build submenu | 36 | |
| Enter hero's abilities submenu | 6 | |
| Give item / drop item | 1 | |
| Remove unit from queue | 3 | |
| Right click | 581 | |
| Select / deselect | 487 | |
| Use ability | 113 | |
1339 total
» units
| Wisp | 29 | |
| Archer | 6 | |
| Huntress | 1 | |
| Mountain Giant | 4 | |
| Dryad | 6 | |
46 total
» upgrades
| Ultravision | 1 | |
| Abolish Magic | 1 | |
| Strength of the Wild | 2 | |
| Druid of the Claw Training | 1 | |
| Hardened Skin | 1 | |
| Resistant Skin | 1 | |
| Reinforced Hides | 1 | |
8 total
» buildings
| Altar of Elders | 1 | |
| Moon Well | 7 | |
| Ancient of War | 1 | |
| Hunter's Hall | 1 | |
| Ancient of Wonders | 1 | |
| Tree of Ages | 1 | |
| Tree of Life | 5 | |
| Ancient Protector | 15 | |
| Ancient of Lore | 2 | |
| Tree of Eternity | 1 | |
35 total
» build order
00:08 Altar of Elders
00:14 Moon Well
00:33 Ancient of War
01:32 Moon Well
02:09 Hunter's Hall
02:21 Ancient of Wonders
03:55 Tree of Ages
04:22 Moon Well
04:46 Tree of Life
05:19 Ancient Protector
05:41 Moon Well
06:09 Ancient Protector
06:12 Ancient Protector
06:15 Ancient Protector
06:27 Ancient of Lore
06:53 Ancient of Lore
10:28 Tree of Eternity
10:34 Moon Well
10:37 Moon Well
10:40 Moon Well
10:44 Ancient Protector
12:24 Ancient Protector
12:28 Ancient Protector
13:10 Tree of Life
14:13 Ancient Protector
15:25 Tree of Life
17:17 Ancient Protector
21:52 Tree of Life
21:56 Ancient Protector
21:59 Ancient Protector
22:01 Ancient Protector
22:05 Ancient Protector
22:07 Ancient Protector
22:11 Ancient Protector
24:23 Tree of Life
» items
| Lesser Clarity Potion | 1 | |
| Scroll of Protection | 1 | |
| Scroll of Healing | 2 | |
| Scroll of Town Portal | 2 | |
| Potion of Lesser Invulnerability | 1 | |
| Orb of Fire | 1 | |
8 total
team 2 (winner)
x_TRiPPiNiNjA_x (
pink | 88 APM | 1656 actions | 18:44)
3 Archmage
2 Summon Water Elemental
1 Brilliance Aura
» actions
| Assign group hotkey | 35 | |
| Basic commands | 6 | |
| Build / train | 74 | |
| ESC pressed | 6 | |
| Enter build submenu | 23 | |
| Enter hero's abilities submenu | 3 | |
| Remove unit from queue | 3 | |
| Right click | 915 | |
| Select / deselect | 221 | |
| Select group hotkey | 279 | |
| Use ability | 91 | |
1656 total
» units
| Peasant | 10 | |
| Footman | 7 | |
| Rifleman | 3 | |
| Sorceress | 4 | |
| Priest | 1 | |
| Goblin Zeppelin | 2 | |
| Knight | 5 | |
32 total
» upgrades
| Defend | 1 | |
| Masonry | 3 | |
| Plating | 1 | |
| Lumber Harvesting | 1 | |
| Swords | 1 | |
7 total
» buildings
| Altar of Kings | 2 | |
| Farm | 7 | |
| Barracks | 1 | |
| Keep | 2 | |
| Blacksmith | 1 | |
| Arcane Vault | 1 | |
| Arcane Sanctum | 1 | |
| Lumber Mill | 1 | |
| Castle | 6 | |
| Town Hall | 3 | |
| Scout Tower | 4 | |
| Guard Tower | 4 | |
33 total
» build order
00:08 Altar of Kings
00:12 Altar of Kings
00:25 Farm
00:25 Farm
01:11 Barracks
01:52 Farm
02:41 Farm
03:03 Keep
03:17 Farm
04:52 Blacksmith
04:56 Arcane Vault
05:40 Arcane Sanctum
05:46 Lumber Mill
06:20 Castle
06:21 Castle
06:21 Castle
06:59 Town Hall
08:13 Farm
08:59 Castle
09:00 Castle
09:08 Scout Tower
09:15 Scout Tower
09:41 Guard Tower
09:55 Scout Tower
09:57 Guard Tower
10:24 Guard Tower
10:27 Scout Tower
11:16 Guard Tower
13:37 Farm
14:05 Town Hall
17:36 Town Hall
» items
| Scroll of Regeneration | 3 | |
| Lesser Clarity Potion | 1 | |
| Scroll of Town Portal | 2 | |
6 total

»
smug_pepe (
purple | 76 APM | 1410 actions | 18:29)
5 Death Knight
3 Death Coil
2 Unholy Aura
» actions
| Basic commands | 1 | |
| Build / train | 54 | |
| Enter build submenu | 24 | |
| Enter hero's abilities submenu | 6 | |
| Give item / drop item | 3 | |
| Remove unit from queue | 1 | |
| Right click | 1035 | |
| Select / deselect | 244 | |
| Use ability | 41 | |
1410 total
» units
| Acolyte | 3 | |
| Ghoul | 5 | |
| Crypt Fiend | 11 | |
| Frost Wyrm | 2 | |
21 total
» upgrades
| Creature Attack | 3 | |
| Creature Carapace | 3 | |
| Web | 1 | |
7 total
» buildings
| Ziggurat | 10 | |
| Altar of Darkness | 1 | |
| Crypt | 1 | |
| Graveyard | 1 | |
| Nerubian Tower | 2 | |
| Tomb of Relics | 1 | |
| Halls of the Dead | 2 | |
| Black Citadel | 2 | |
| Sacrificial Pit | 1 | |
| Spirit Tower | 4 | |
| Boneyard | 3 | |
28 total
» build order
00:13 Ziggurat
00:15 Altar of Darkness
00:44 Crypt
01:11 Graveyard
01:25 Ziggurat
01:58 Nerubian Tower
01:58 Nerubian Tower
02:23 Tomb of Relics
03:31 Ziggurat
04:54 Ziggurat
05:46 Halls of the Dead
08:18 Black Citadel
08:18 Black Citadel
10:23 Sacrificial Pit
10:52 Spirit Tower
10:53 Spirit Tower
10:55 Spirit Tower
11:07 Ziggurat
11:08 Ziggurat
11:09 Ziggurat
11:13 Boneyard
11:16 Boneyard
11:32 Boneyard
12:54 Spirit Tower
15:43 Ziggurat
15:45 Ziggurat
15:46 Ziggurat
» items
JOHN-SNOW. (
teal | 79 APM | 3573 actions | 45:01)
10 Blademaster
3 Wind Walk
3 Critical Strike
1 Bladestorm
3 Mirror Image
» actions
| Assign group hotkey | 46 | |
| Basic commands | 65 | |
| Build / train | 93 | |
| Enter build submenu | 39 | |
| Enter hero's abilities submenu | 10 | |
| Give item / drop item | 4 | |
| Remove unit from queue | 1 | |
| Right click | 1517 | |
| Select / deselect | 340 | |
| Select group hotkey | 1184 | |
| Use ability | 274 | |
3573 total
» units
| Peon | 20 | |
| Goblin Shredder | 3 | |
| Wind Rider | 5 | |
| Goblin Sapper | 3 | |
| Troll Batrider | 15 | |
46 total
» upgrades
| Ranged Weapons | 2 | |
| Reinforced Defenses | 1 | |
| Armor | 2 | |
| Liquid Fire | 1 | |
| Envenomed Spears | 1 | |
7 total
» buildings
| Altar of Storms | 1 | |
| Orc Burrow | 7 | |
| Voodoo Lounge | 1 | |
| Stronghold | 2 | |
| War Mill | 1 | |
| Great Hall | 2 | |
| Watch Tower | 46 | |
| Fortress | 2 | |
| Beastiary | 3 | |
65 total
» build order
00:07 Altar of Storms
00:19 Orc Burrow
01:00 Voodoo Lounge
02:08 Stronghold
02:21 Orc Burrow
02:42 War Mill
02:58 Orc Burrow
03:33 Great Hall
05:16 Watch Tower
05:16 Watch Tower
05:17 Watch Tower
05:21 Watch Tower
05:45 Fortress
05:55 Watch Tower
06:17 Beastiary
06:32 Beastiary
06:47 Watch Tower
06:48 Watch Tower
06:50 Watch Tower
06:51 Watch Tower
07:00 Watch Tower
08:52 Watch Tower
08:52 Watch Tower
09:15 Watch Tower
10:05 Watch Tower
10:09 Watch Tower
10:28 Beastiary
10:44 Orc Burrow
11:18 Watch Tower
13:26 Watch Tower
13:29 Watch Tower
13:29 Watch Tower
13:30 Watch Tower
13:31 Watch Tower
14:46 Watch Tower
14:46 Watch Tower
15:23 Orc Burrow
15:59 Watch Tower
16:40 Orc Burrow
17:02 Watch Tower
18:10 Orc Burrow
18:34 Watch Tower
18:51 Watch Tower
18:52 Watch Tower
19:18 Watch Tower
19:23 Watch Tower
19:24 Watch Tower
19:24 Watch Tower
19:24 Watch Tower
19:25 Watch Tower
19:25 Watch Tower
19:25 Watch Tower
19:27 Watch Tower
19:27 Watch Tower
21:03 Watch Tower
21:03 Watch Tower
22:18 Watch Tower
22:19 Watch Tower
24:26 Watch Tower
24:26 Watch Tower
24:28 Watch Tower
24:29 Watch Tower
40:45 Great Hall
» items
| Healing Salve | 5 | |
| Lesser Clarity Potion | 2 | |
| Potion of Lesser Invulnerability | 2 | |
| Staff of Teleportation | 3 | |
| Scroll of Town Portal | 4 | |
| Orb of Lightning | 1 | |
| Tiny Great Hall | 1 | |
| Potion of Mana | 1 | |
19 total
Katanaa (
orange | 48 APM | 1594 actions | 33:19)
5 Archmage
2 Blizzard
3 Brilliance Aura
3 Paladin
1 Holy Light
2 Divine Shield
2 Death Knight
1 Unholy Aura
1 Death Pact
» actions
| Assign group hotkey | 31 | |
| Basic commands | 27 | |
| Build / train | 129 | |
| Enter build submenu | 35 | |
| Enter hero's abilities submenu | 10 | |
| Give item / drop item | 8 | |
| Remove unit from queue | 2 | |
| Right click | 538 | |
| Select / deselect | 431 | |
| Select group hotkey | 266 | |
| Use ability | 117 | |
1594 total
» units
| Peasant | 42 | |
| Footman | 9 | |
| Goblin Shredder | 1 | |
| Dragonhawk Rider | 15 | |
| Knight | 4 | |
71 total
» upgrades
| Defend | 1 | |
| Masonry | 3 | |
| Swords | 3 | |
| Armor | 3 | |
| Lumber Harvesting | 1 | |
| Animal War Training | 1 | |
| Freezing Breath | 1 | |
| Cloud | 1 | |
| Plating | 1 | |
15 total
» buildings
| Farm | 10 | |
| Altar of Kings | 1 | |
| Barracks | 1 | |
| Town Hall | 3 | |
| Lumber Mill | 1 | |
| Scout Tower | 10 | |
| Arcane Tower | 1 | |
| Arcane Vault | 2 | |
| Keep | 1 | |
| Blacksmith | 1 | |
| Guard Tower | 7 | |
| Castle | 1 | |
| Gryphon Aviary | 3 | |
| Necropolis | 1 | |
| Spirit Tower | 1 | |
| Nerubian Tower | 1 | |
| Ziggurat | 1 | |
46 total
» build order
00:11 Farm
00:16 Altar of Kings
00:34 Barracks
01:11 Farm
01:56 Farm
02:36 Farm
03:30 Town Hall
03:55 Lumber Mill
04:02 Scout Tower
04:51 Scout Tower
04:52 Arcane Tower
05:15 Farm
06:01 Arcane Vault
06:12 Keep
06:18 Blacksmith
06:22 Guard Tower
06:41 Scout Tower
07:06 Farm
07:18 Scout Tower
07:19 Guard Tower
08:01 Farm
08:04 Guard Tower
08:14 Scout Tower
08:37 Castle
08:44 Farm
08:46 Guard Tower
09:33 Gryphon Aviary
09:43 Farm
10:27 Gryphon Aviary
10:34 Farm
10:53 Scout Tower
10:55 Scout Tower
10:59 Arcane Vault
11:46 Gryphon Aviary
12:20 Scout Tower
14:01 Guard Tower
14:03 Scout Tower
14:53 Town Hall
16:12 Guard Tower
16:55 Scout Tower
17:04 Town Hall
21:04 Guard Tower
21:30 Necropolis
21:54 Spirit Tower
21:55 Nerubian Tower
21:58 Ziggurat
» items
| Scroll of Regeneration | 6 | |
| Scroll of Town Portal | 6 | |
| Potion of Lesser Invulnerability | 1 | |
| Scroll of Healing | 1 | |
| Potion of Healing | 2 | |
| Potion of Mana | 1 | |
| Orb of Fire | 1 | |
18 total
Chat log
(00:21 / Allies) smug_pepe: 100g plz
(00:39 / Allies) smug_pepe: fiends to wyrms
(00:40 / Allies) smug_pepe: rush
(00:43 / Allies) JOHN-SNOW.: cc
(00:44 / Allies) JOHN-SNOW.: wyvern
(00:48 / Allies) smug_pepe: ehh
(00:49 / Allies) smug_pepe: this is a rush map
(01:06 / Allies) JOHN-SNOW.: rush there if u rhs
(01:12 / Allies) smug_pepe: k
(01:15 / Allies) smug_pepe: i will
(01:58 / All) x_TRiPPiNiNjA_x: legalize it
(02:01 / All) smug_pepe: YEEEE
(02:04 / All) smug_pepe: i got some high thc stuff
(02:09 / All) smug_pepe: seriously psychotic
(03:21 / Allies) smug_pepe: omw
(03:22 / Allies) smug_pepe: let srush>?
(03:25 / Allies) x_TRiPPiNiNjA_x: ye
(04:36 / Allies) x_TRiPPiNiNjA_x: out
(04:42 / Allies) JOHN-SNOW.: wood plz
(05:33 / Allies) JOHN-SNOW.: thx
(07:05 / Allies) smug_pepe: can i have
(07:08 / Allies) smug_pepe: nvm
(07:09 / Allies) smug_pepe: keep
(09:07 / All) smug_pepe: lol red
(09:11 / All) smug_pepe: one of ur POTM arrows just hit my fiend
(09:14 / All) smug_pepe: fdrom halfway across the map
(09:15 / All) BLINKANDURDEAD: rofl
(10:34 / Allies) JOHN-SNOW.: lets hit
(11:01 / Allies) JOHN-SNOW.: oj back off
(11:02 / Allies) JOHN-SNOW.: green
(11:05 / Allies) JOHN-SNOW.: he just towers
(11:20 / Allies) smug_pepe: wood plz
(11:29 / Allies) smug_pepe: ty
(11:34 / All) .|-_-|.: cunt
(11:47 / Allies) smug_pepe: wyrms soion
(12:08 / Allies) JOHN-SNOW.: hit red expo
(12:09 / Allies) JOHN-SNOW.: come on
(12:23 / Allies) smug_pepe: b
(13:21 / Allies) smug_pepe: i will tp in a sec
(13:49 / Allies) JOHN-SNOW.: wood
(13:50 / Allies) JOHN-SNOW.: plz
(13:58 / Allies) JOHN-SNOW.: we need
(13:59 / Allies) JOHN-SNOW.: red expo dead
(14:04 / Allies) smug_pepe: omw
(14:08 / Allies) JOHN-SNOW.: red expo
(14:53 / All) smug_pepe: wtf
(14:54 / All) smug_pepe: kaboom?
(15:27 / All) .|-_-|.: you all die now
(15:31 / All) .|-_-|.: you and orange
(15:31 / All) .|-_-|.: DEAD
(15:35 / All) JOHN-SNOW.: seriously yellow
(15:45 / All) JOHN-SNOW.: everytime i hit blues expo yellow is there
(15:45 / All) .|-_-|.: hear me?
(15:54 / All) smug_pepe: Maphack
(15:55 / Allies) Katanaa: nice gold teal
(15:56 / All) Iosking: huhu
(16:08 / All) faast: im making them right next door, duh
(16:10 / All) smug_pepe: MAPHAAAACK
(16:18 / Allies) Katanaa: teal horde more gold
(16:25 / Allies) JOHN-SNOW.: RED EXPO
(16:36 / Allies) Katanaa: teal fuck off gg
(16:37 / Allies) smug_pepe: red is a hacker
(16:48 / All) faast: everytime i hit your mom, your dad is there... maphack?
(16:50 / Allies) JOHN-SNOW.: RED EXPO
(17:07 / Allies) JOHN-SNOW.: pruple come
(17:14 / Allies) smug_pepe: kk
(17:16 / Allies) smug_pepe: omw
(17:59 / Allies) smug_pepe: halp
(18:28 / All) smug_pepe: nice divided strike
(18:29 / All) smug_pepe: fuck u niggers
(18:30 / All) Katanaa: gg
(18:39 / All) BLINKANDURDEAD: was a gg
(18:40 / All) .|-_-|.: pussies
(18:48 / All) .|-_-|.: Blue should not have did that
(18:53 / All) .|-_-|.: orange and purple were my prey
(23:45 / All) Iosking: bitch strat
(23:48 / All) JOHN-SNOW.: lawl
(25:33 / All) .|-_-|.: Don't fuck with me buddy
(25:40 / All) .|-_-|.: I am a trained MOSSAD AGENT
(25:57 / Allies) Katanaa: wood
(26:12 / Allies) Katanaa: fuck face I need wood
(29:06 / All) Iosking: jew
(29:08 / All) Iosking: bitch
(29:23 / All) Iosking: stole my mine
(30:15 / All) .|-_-|.: RAHOWA
(30:58 / All) .|-_-|.: RAHOWA
(31:43 / All) JOHN-SNOW.: im pro right
(32:26 / All) JOHN-SNOW.: admit im pro
(32:29 / All) JOHN-SNOW.: u guys
(34:45 / All) JOHN-SNOW.: leave plz
(34:46 / All) JOHN-SNOW.: im pro
(34:48 / All) JOHN-SNOW.: u nub
(34:53 / All) Iosking: so gay
(34:56 / All) .|-_-|.: fuck you! I had noo allies! NOT FAIR
(34:59 / All) Iosking: waist
(35:05 / All) Iosking: waaaa
(35:10 / All) Iosking: cry lil bitch
(35:38 / All) .|-_-|.: noob team! not fair!
(35:44 / All) Iosking: ^
(35:47 / All) .|-_-|.: my allies are dying left right and center
(35:55 / All) Iosking: waaaaa
(35:59 / All) Iosking: cry more
(36:05 / All) JOHN-SNOW.: blue nub
(36:07 / All) JOHN-SNOW.: green = pro
(36:10 / All) Iosking: right...
(36:25 / All) Iosking: teal is butt buddies with green
(36:26 / All) .|-_-|.: sorry we couldn't give you better game
(36:27 / All) Iosking: Duh
(36:30 / All) .|-_-|.: we had scrubs on our team
(36:30 / All) JOHN-SNOW.: me =pro
(36:32 / All) JOHN-SNOW.: u = nub
(36:32 / All) .|-_-|.: like blue and yellow
(36:34 / All) JOHN-SNOW.: green pro
(36:44 / All) faast: teal got owned, but still says pro?
(36:48 / All) BLINKANDURDEAD: well it WAS a good game
(36:51 / All) faast: what is this world coming to
(36:53 / All) JOHN-SNOW.: teal own 3 player
(36:53 / All) .|-_-|.: you don't have a base noob?
(36:54 / All) JOHN-SNOW.: teal pro
(36:56 / All) Iosking: lame
(37:29 / All) JOHN-SNOW.: teal own 3 nub
(37:33 / All) Iosking: yup
(37:39 / All) faast: sad little faggots
(37:41 / All) .|-_-|.: it's not his fault nor mine
(37:47 / All) .|-_-|.: thqat you guys suck
(37:48 / All) Iosking: haha
(37:52 / All) faast: i bet they suck each other off
(37:57 / All) Iosking: fags
(38:10 / All) JOHN-SNOW.: teal = gurl in relationship green = alpha dog
(38:31 / All) faast: oh well, have fun
(38:32 / All) faast: afk
(38:41 / All) JOHN-SNOW.: yellow nub "afk"
(38:45 / All) JOHN-SNOW.: aka not afk nub
(41:02 / All) JOHN-SNOW.: game couldnt have been smoother
(41:08 / All) .|-_-|.: losking name looks familiar
(41:15 / All) JOHN-SNOW.: yes it does
(41:22 / All) .|-_-|.: but he's 0-0 apparently
(41:43 / All) .|-_-|.: gotheem
(41:53 / All) JOHN-SNOW.: i actually took out all 3 players with bm and bats
(42:22 / All) JOHN-SNOW.: their bases ato be more precise. and expos
(44:23 / All) .|-_-|.: Any last words yellow? You cost us the game ya scrub
(44:44 / All) .|-_-|.: If I didn't have blue and yellow I easily would have won
(44:47 / All) .|-_-|.: Red was only decent ally
(44:56 / All) .|-_-|.: GG YIFF IN HELL
(44:58 / All) JOHN-SNOW.: won what?